Map: Imperio eterno EE

Players

MrFercho - Winner!

  • Race: Zerg Zerg
  • League: Gold
  • Spawn Location: 1:00

Cartush

  • Race: Protoss Protoss
  • League: Silver
  • Spawn Location: 7:00

VOD

Have the link to the VOD?

Description

Time

  • Played on: Aug. 5, 2020, 7:58 p.m.
  • Length: 15:02
Show
View Real Time Build Order
Export as new Build Order

MrFercho Zerg - Winner!

Build Orders: Hatch First 

Get SALT Encoding   

  12  0:00  Drone  
  13  0:14  Overlord  
  13  0:17  Drone  
  14  0:32  Drone x2  
  16  0:50  Hatchery  
  15  0:59  Drone x2  
  15  1:04  Drone  
  18  1:11  Drone  
  18  1:15  Extractor  
  18  1:25  Spawning Pool  
  17  1:27  Drone  
  18  1:39  Drone  
  19  1:47  Drone  
  20  1:56  Overlord  
  20  2:02  Drone  
  20  2:08  Drone  
  22  2:12  Queen x2  
  27  2:15  Drone x2  
  28  2:38  Zergling x8  
  32  2:48  Roach Warren  
  32  2:50  Queen  
  33  2:52  Evolution Chamber  
  32  3:01  Evolution Chamber  
  32  3:03  Drone x4  
  35  3:05  Spine Crawler  
  35  3:10  Overlord  
  34  3:27  Drone  
  35  3:42  Drone x4  
  35  3:45  Roach x2  
  43  3:50  Zerg Missile Weapons Level 1  
  43  4:01  Overlord  
  43  4:02  Overlord  
  40  4:26  Roach x7  
  40  4:27  Roach  
  51  4:51  Zerg Ground Armor Level 1  
  51  4:52  Drone x5  
  50  4:55  Queen  
  50  4:59  Extractor  
  51  5:01  Extractor  
  50  5:16  Drone x2  
  50  5:17  Drone  
  50  5:18  Drone x3  
  56  5:33  Lair  
  56  5:51  Overlord  
  56  5:52  Overlord  
  56  5:54  Drone x4  
  60  6:22  Hatchery  
  60  6:24  Drone x8  
  67  6:48  Queen  
  67  6:49  Glial Reconstitution  
  67  6:51  Zerg Missile Weapons Level 2  
  69  6:58  Roach x3  
  75  7:02  Drone  
  75  7:03  Overlord  
  75  7:04  Overlord x2  
  76  7:29  Zergling x4  
  78  7:31  Zerg Ground Armor Level 2  
  78  7:35  Overlord  
  78  7:36  Overlord  
  78  7:38  Roach x4  
  86  7:47  Queen  
  86  7:50  Queen  
  90  7:57  Hydralisk Den  
  89  8:01  Drone  
  89  8:02  Drone x2, Infestation Pit  
  89  8:03  Drone  
  89  8:04  Drone  
  93  8:08  Extractor  
  92  8:17  Hatchery  
  91  8:39  Roach x12  
  115  8:44  Muscular Augments  
  115  8:47  Hive  
  115  8:50  Overlord x2  
  115  8:51  Overlord  
  114  9:21  Drone x11  
  114  9:22  Drone x4  
  129  9:26  Extractor  
  129  9:27  Extractor  
  127  9:56  Grooved Spines  
  127  9:59  Overlord x2  
  127  10:17  Overlord x2  
  127  10:18  Overseer  
  127  10:19  Overseer  
  127  10:23  Spore Crawler  
  127  10:27  Spine Crawler  
  125  10:28  Spine Crawler  
  125  10:29  Drone x3  
  125  10:33  Drone  
  128  10:39  Spore Crawler  
  128  10:42  Spine Crawler  
  126  10:44  Spine Crawler  
  126  10:45  Spine Crawler  
  126  10:47  Zerg Missile Weapons Level 3  
  126  10:48  Zerg Ground Armor Level 3  
  124  11:06  Hydralisk x3  
  124  11:07  Hydralisk x18  
  166  11:19  Lurker Den  
  166  11:21  Spore Crawler  
  166  11:25  Spine Crawler  
  163  11:30  Spine Crawler  
  163  11:32  Spine Crawler  
  161  11:57  Drone x4  
  161  11:59  Drone  
  161  12:00  Drone  
  167  12:22  Hatchery  
  151  13:05  Extractor  
  150  13:07  Hydralisk  
  150  13:08  Hydralisk x3  
  150  13:09  Extractor, Hydralisk x13  
  150  13:12  Overlord x4  
  183  13:13  Overlord x3  
  183  13:19  Seismic Spines  
  165  13:24  Spire  
  156  13:27  Hydralisk x9  
  156  13:28  Hydralisk  
  172  13:38  Lurker  
  172  13:39  Lurker x2  
  175  13:52  Hydralisk x5  
  175  13:53  Hydralisk x7  
  193  14:15  Hydralisk x4  
Show
View Real Time Build Order
Export as new Build Order

Cartush Protoss 

Build Orders:  

Get SALT Encoding   

  12  0:01  Probe (Chrono Boost)  
  13  0:10  Probe (Chrono Boost)  
  14  0:15  Probe (Chrono Boost)  
  15  0:28  Pylon  
  15  0:47  Gateway  
  15  0:52  Gateway  
  15  0:59  Gateway  
  15  1:01  Probe (Chrono Boost)  
  16  1:13  Probe (Chrono Boost)  
  16  1:18  Pylon  
  17  1:35  Zealot  
  21  1:40  Zealot  
  21  1:46  Zealot  
  23  1:52  Forge  
  23  1:58  Pylon  
  23  2:05  Zealot  
  23  2:07  Zealot  
  27  2:13  Zealot  
  29  2:26  Photon Cannon  
  29  2:35  Pylon, Zealot  
  31  2:42  Zealot  
  33  2:49  Zealot  
  35  3:00  Cybernetics Core  
  35  3:06  Zealot  
  39  3:12  Zealot  
  39  3:19  Zealot  
  41  3:31  Photon Cannon  
  41  3:42  Photon Cannon  
  41  4:09  Nexus  
  41  4:19  Photon Cannon  
  29  4:49  Zealot x3  
  25  5:16  Zealot x3  
  31  5:23  Assimilator  
  31  5:27  Assimilator  
  31  5:31  Pylon  
  31  5:34  Pylon  
  31  5:38  Pylon  
  31  5:44  Photon Cannon, Probe (Chrono Boost)  
  32  5:54  Probe (Chrono Boost)  
  32  5:56  Probe (Chrono Boost)  
  34  6:04  Probe (Chrono Boost)  
  35  6:12  Probe (Chrono Boost)  
  35  6:16  Photon Cannon  
  36  6:21  Probe (Chrono Boost)  
  36  6:23  Probe (Chrono Boost)  
  38  6:32  Probe (Chrono Boost)  
  39  6:43  Probe (Chrono Boost)  
  39  6:45  Probe (Chrono Boost)  
  41  6:52  Probe (Chrono Boost)  
  41  6:53  Probe (Chrono Boost)  
  43  6:59  Probe (Chrono Boost)  
  43  7:00  Probe (Chrono Boost)  
  45  7:01  Assimilator  
  45  7:07  Probe  
  46  7:10  Probe  
  47  7:19  Probe  
  47  7:22  Probe (Chrono Boost)  
  49  7:27  Stargate  
  49  7:32  Stargate  
  49  7:34  Probe (Chrono Boost)  
  52  7:44  Probe (Chrono Boost)  
  52  7:46  Probe (Chrono Boost)  
  52  7:51  Assimilator  
  53  7:53  Probe x2 (Chrono Boost)  
  53  7:55  Stalker x3  
  53  7:58  Probe (Chrono Boost)  
  60  8:01  Probe  
  62  8:11  Pylon  
  62  8:12  Pylon  
  62  8:14  Void Ray, Pylon  
  66  8:32  Void Ray  
  70  8:38  Probe  
  71  8:46  Photon Cannon  
  71  8:47  Photon Cannon  
  71  8:48  Photon Cannon  
  71  8:51  Probe  
  71  8:52  Photon Cannon  
  72  9:03  Probe  
  72  9:15  Probe  
  71  9:27  Probe  
  72  9:37  Photon Cannon  
  72  9:39  Nexus  
  72  9:42  Probe (Chrono Boost)  
  73  9:48  Probe (Chrono Boost)  
  73  9:52  Probe (Chrono Boost)  
  73  9:55  Probe (Chrono Boost)  
  73  9:58  Photon Cannon  
  73  9:59  Probe (Chrono Boost)  
  75  10:00  Probe (Chrono Boost)  
  76  10:08  Probe  
  76  10:11  Assimilator  
  76  10:12  Probe (Chrono Boost)  
  78  10:17  Assimilator  
  78  10:18  Photon Cannon x2  
  78  10:20  Probe (Chrono Boost)  
  79  10:22  Photon Cannon x2  
  80  10:30  Probe (Chrono Boost), Stargate  
  80  10:31  Probe (Chrono Boost)  
  80  10:33  Stargate  
  81  10:36  Probe (Chrono Boost)  
  82  10:47  Probe  
  83  10:51  Pylon  
  83  10:53  Pylon  
  83  10:55  Pylon  
  83  10:56  Void Ray  
  87  10:59  Void Ray, Probe  
  91  11:14  Void Ray  
  91  11:17  Void Ray  
  99  11:18  Protoss Air Weapons Level 1  
  99  11:33  Pylon  
  99  11:36  Pylon  
  99  11:38  Stargate  
  99  11:44  Cybernetics Core  
  99  11:47  Void Ray  
  99  11:48  Void Ray  
  107  12:07  Stargate  
  107  12:12  Pylon  
  107  12:15  Pylon  
  107  12:16  Void Ray x2  
  107  12:21  Void Ray  
  119  12:33  Fleet Beacon  
  119  12:35  Probe  
  120  12:39  Protoss Air Armor Level 1  
  120  12:42  Stalker  
  120  12:43  Stalker x2  
  126  12:48  Void Ray, Probe  
  131  12:53  Protoss Shields Level 1  
  129  13:00  Probe  
  70  13:33  Photon Cannon  
  57  13:36  Photon Cannon  
  57  13:39  Photon Cannon  
  57  13:40  Photon Cannon  
  53  13:42  Photon Cannon  
  46  13:57  Photon Cannon  
Tags
 
Matchup
PvZ
Replay Pack
MrFercho
Spawn Locations
Cross Positions
Add a new tag
Caveats
  • Supply blocks, unpowered buildings, or Contaminate may cause inaccurate times.
  • Supply counts are checked every 10 seconds.